Unix NetHack Version 3.7.0-89 Work-in-progress - last build Oct 29 2023 13:41:11 (20cca84197b74dff38aa9bb07c633f6875ef724d,branch:master). Game began 2023-10-30 17:38:58, ended 2023-10-30 17:48:54. mukundan314, chaotic male elven Wizard --------------- |.<...........| |.............| |.............| --.------------ #######f#@N Mukundan314 the Conjurer St:12 Dx:12 Co:13 In:20 Wi:10 Ch:9 Chaotic Dlvl:5 $:63 HP:0(18) Pw:1(33) AC:8 Xp:3/54 T:1131 Latest messages: What do you want to eat? This lichen corpse tastes okay. You finish eating the lichen corpse. You descend the stairs. You hear some noises in the distance. You find a hidden door. In what direction? j As you kick the door, it crashes open! In what direction? k In what direction? k In what direction? l You kick the kobold zombie. The kobold zombie hits! In what direction? l You kick the kobold zombie. In what direction? l Your clumsy kick does no damage. The kobold zombie misses! In what direction? l You kick the kobold zombie. You destroy the kobold zombie! The giant rat bites! In what direction? l Your clumsy kick does no damage. The giant rat bites! In what direction? l You kick the giant rat. The giant rat bites! In what direction? l You kick the giant rat. The giant rat bites! In what direction? l You kick the giant rat. The giant rat misses! In what direction? l Your clumsy kick does no damage. The giant rat bites! In what direction? l Your clumsy kick does no damage. The giant rat misses! In what direction? l The spell hits the giant rat! You kill the giant rat! You miss the guardian naga hatchling. The guardian naga hatchling bites! In what direction? l The spell hits the guardian naga hatchling. The guardian naga hatchling bites! You die... Do you want your possessions identified? [ynq] (y) q Inventory: Coins ('$') $ - 63 gold pieces Weapons (')') r - an uncursed +0 elven dagger (weapon in hand) a - a blessed +1 quarterstaff Armor ('[') n - an uncursed +0 pair of jumping boots (being worn) b - an uncursed +0 cloak of magic resistance (being worn) Comestibles ('%') u - an uncursed cream pie C - an uncursed food ration Scrolls ('?') p - an uncursed scroll of fire h - 2 uncursed scrolls of food detection i - an uncursed scroll of identify o - a blessed scroll of punishment Spellbooks ('+') y - an uncursed spellbook of cone of cold k - an uncursed spellbook of cure sickness j - a blessed spellbook of force bolt Potions ('!') g - an uncursed potion of confusion w - an uncursed potion of gain energy v - an uncursed potion of gain level f - 2 uncursed potions of object detection E - an uncursed potion of sleeping z - an uncursed potion of water Rings ('=') d - an uncursed +1 ring of gain strength e - an uncursed ring of see invisible Wands ('/') c - an uncursed wand of create monster (0:11) m - an uncursed wand of light (0:12) Tools ('(') l - an uncursed leather drum q - an uncursed lock pick Mukundan314 the Wizard's attributes: Background: You were a Conjurer, a level 3 male elven Wizard. You were chaotic, nominally on a mission for Anhur who was opposed by Ptah (lawful) and Thoth (neutral). You were in the Dungeons of Doom, on level 5. You entered the dungeon 1131 turns ago. There was a full moon in effect when your adventure ended. You had 54 experience points, 26 more were needed to attain level 4. Basics: You had 0 out of 18 hit points. You had 1 out of 33 energy points (spell power). Your armor class was 8. Your wallet contained 63 zorkmids. Autopickup was on for '$?!/=%"+' plus thrown, with exceptions. Final Characteristics: Your strength was 12 (limit:18). Your dexterity was 12 (limit:18). Your constitution was 13 (limit:16). Your intelligence was 20 (limit:20). Your wisdom was 10 (limit:20). Your charisma was 9 (limit:18). Final Status: You weren't hungry. You were unencumbered. You were wielding a dagger. You were unskilled in dagger. Final Attributes: You were devoutly aligned. You were magic-protected. You had infravision. You could jump. You were warded. You were lucky. You are dead. Miscellaneous: You never encountered a bones level. Total elapsed playing time was 9 minutes and 55 seconds. Major events: Turn 1: mukundan314 the chaotic male elven Wizard entered the dungeon 491: entered the Gnomish Mines 835: attained the rank of Conjurer (level 3) 1131: killed by a guardian naga hatchling Vanquished creatures: a floating eye a werejackal an acid blob a hobbit a giant rat a yellow mold a gecko 2 jackals a fox 3 sewer rats 6 grid bugs 2 lichens 3 kobold zombies 7 newts 31 creatures vanquished. No species were genocided or became extinct. Voluntary challenges: You were an atheist. You read items or engraved 1 time. You never engraved Elbereth. You never genocided any monsters. You never polymorphed an object. You never changed form. You used no wishes. Achievements: You entered the Gnomish Mines. You attained the rank of Conjurer. The Dungeons of Doom: levels 1 to 5 Level 1: "vault" A grave. Level 2: Level 3: Stairs down to The Gnomish Mines. Level 4: "vault" Level 5: <- You were here. Final resting place for you, killed by a guardian naga hatchling. The Gnomish Mines: Level 4: Game over: ---------- / \ / REST \ / IN \ / PEACE \ / \ | mukundan314 | | 63 Au | | killed by a | | guardian naga | | hatchling | | | | 2023 | *| * * * | * _________)/\\_//(\/(/\)/\//\/|_)_______ Goodbye mukundan314 the Wizard... You died in The Dungeons of Doom on dungeon level 5 with 473 points, and 63 pieces of gold, after 1131 moves. You were level 3 with a maximum of 18 hit points when you died.